Unix NetHack Version 5.0.0-0 post-release - last build May  3 2026 23:40:34 (9823c992c0763bbd039eca2974112f46eaf799b3,branch:main).

Game began 2026-05-04 13:04:17, ended 2026-05-04 13:45:12.

GdeVolpiano, neutral female human Monk

                        --------------                             ---------
                       #-........>...|     --------                |.......|
                       #|............|    #-......|               #-(......|
                  ######------------|-    #|......|               #|.......|
                  #                 #    ##|......-###           ##-----.---
                  #             #####    # |......|  ##          #      #
                  #        ######       ## --------   ###        #      ###
 ----------- ######        #           ##               ##-------#    ----|-
 |.........-##             #           #                 #|.....|#    |....|
 |.........|              ##     #######                 #|....<|#    |((((|
 |.(.......|            --.--   ##                       #..(...-#    |(!((|
 |..........########    |.*..####                     ### |..@j.|     |((((|
 |.........|       ##   |...|                        ##   -------     |(*((|
 |.........|        ####%...|      ###################                ------
 -----------            |...-#######
                        |...|
                        -----

GdeVolpiano the Initiate        St:17 Dx:12 Co:16 In:9 Wi:9 Ch:12  Neutral
Dlvl:5  $:58 HP:0(56) Pw:31(31) AC:4  Xp:7 T:3723 

Latest messages:
 A - a spear.
 Heliodore picks up an uncursed silver spear.
 You hear someone cursing shoplifters.
 You begin striking monsters with your gloved hands.
 You hit the werewolf!
 The werewolf changes into a wolf.
 The werewolf drops a mace.
 The werewolf bites!
 You have no ammunition readied.
 What do you want to fire? [$AJ or ?*]
 You ready: A - a spear.
 In what direction?
 The spear hits the werewolf.
 You have no ammunition readied.
 What do you want to fire? [$J or ?*]
 You ready: J - an uncursed stout spear.
 In what direction?
 The stout spear hits the werewolf!
 You hit the werewolf!
 You hit the werewolf!
 You kill the werewolf!
 There is a doorway here.
 You see here a werewolf corpse.
 You hit the rock piercer!
 You kill the rock piercer!
 J - an uncursed stout spear (at the ready).
 A - a spear.
 You see here a mace.
 You see here a mace.
 You swap places with Heliodore.
 Heliodore picks up a mace.
 You hit the rock piercer!
 You hit the rock piercer!
 You kill the rock piercer!
 You see here a rock piercer corpse.
 Heliodore eats a rock piercer corpse.
 The lizard bites!
 You hit the lizard!
 The lizard bites!
 You hit the lizard!
 The lizard bites!
 You kill the lizard!
 You see here a lizard corpse.
 c - a lizard corpse.
 You hit the spotted jelly!
 You are splashed by the spotted jelly's acid!
 You hit the spotted jelly!
 You are splashed by the spotted jelly's acid!
 You die...
 Do you want your possessions identified? [ynq] (y)

Inventory:
 Coins    ('$')
  $ - 58 gold pieces
 Weapons  (')')
  J - a +0 dwarvish spear (at the ready)
  A - a +0 spear
 Armor    ('[')
  a - a blessed +2 pair of leather gloves (being worn)
  b - an uncursed +1 robe (being worn)
 Comestibles  ('%')
  W - an uncursed fig
  e - 4 uncursed food rations
  l - an uncursed lembas wafer
  P - 2 uncursed tripe rations
  c - an uncursed lizard corpse
 Scrolls  ('?')
  h - a blessed scroll of identify
 Potions  ('!')
  d - 10 uncursed potions of healing
 Wands    ('/')
  x - a wand of lightning (0:6)
 Tools    ('(')
  w - an uncursed magic whistle
  T - a +0 pick-axe (alternate weapon; not wielded)
  k - an uncursed skeleton key
 Gems/Stones  ('*')
  V - an uncursed luckstone

GdeVolpiano the Monk's attributes:

Background:
 You were an Initiate, a level 7 female human Monk.
 You were neutral, on a mission for Chih Sung-tzu
 who was opposed by Shan Lai Ching (lawful) and Huan Ti (chaotic).
 You were right-handed.
 You were in the Dungeons of Doom, on level 5.
 You entered the dungeon 3723 turns ago.
 There was a full moon in effect when your adventure ended.
 You had 1017 experience points, 263 more were needed to attain level 8.

Basics:
 You had 0 out of 56 hit points.
 You had all 31 energy points (spell power).
 Your armor class was 4.
 Your wallet contained 58 zorkmids.
 Autopickup was on for '$?!/="+' plus thrown, with exceptions.

Final Characteristics:
 Your strength was 17 (peak:18, limit:18/100).
 Your dexterity was 12 (limit:18).
 Your constitution was 16 (limit:18).
 Your intelligence was 9 (limit:18).
 Your wisdom was 9 (limit:18).
 Your charisma was 12 (limit:18).

Final Status:
 You weren't hungry.
 You were unencumbered.
 You were empty handed.
 You were skilled in martial arts.

Final Attributes:
 You were piously aligned.
 You were sleep resistant.
 You were poison resistant.
 You saw invisible.
 You were warned.
 You were stealthy.
 You were guarded.
 Your spell casting was enhanced by wearing a robe.
 You were fast.
 You were lucky.
 You had extra luck.
 Bad luck did not time out for you.
 Good luck did not time out for you.
 You are dead.

Miscellaneous:
 You encountered 2 bones levels.
 Total elapsed playing time was 40 minutes and 33 seconds.

Major events:
 Turn
    1: GdeVolpiano the neutral female human Monk entered the dungeon
  243: entered the Gnomish Mines
  833: attained the rank of Novice (level 3)
 1862: attained the rank of Initiate (level 6)
 1964: reached Mine Town
 3723: killed by a spotted jelly

Spells:
 Name                 Level Category     Fail Retention
 confuse monster        1   enchantment    0%  76%-100%
 wizard lock            2   matter        88%  76%-100%

Skills:
 Fighting Skills
   martial arts       [Skilled]
 Weapon Skills
   quarterstaff       [Unskilled]
   spear              [Unskilled]
   crossbow           [Unskilled]
   shuriken           [Unskilled]
 Spellcasting Skills
   attack spells      [Unskilled]
   healing spells     [Basic]
   divination spells  [Unskilled]
   enchantment spells [Unskilled]
   clerical spells    [Unskilled]
   escape spells      [Unskilled]
   matter spells      [Unskilled]

Voluntary challenges:
 Character rerolling was not enabled.
 You never hit with a wielded weapon.
 You never genocided any monsters.
 You never polymorphed an object.
 You never changed form.
 You used no wishes.
Achievements:
 You entered the Gnomish Mines.
 You attained the rank of Novice.
 You attained the rank of Initiate.
 You entered Minetown.
 You entered a shop.
 You entered a temple.

 The Dungeons of Doom: levels 1 to 7
    Level 1:
       A fountain.
    Level 2:
       Stairs down to The Gnomish Mines.
    Level 3: "vault + stash"
       An altar to Chih Sung-tzu.
    Level 4:
       A ring shop.
    Level 5: <- You were here.
       A tool shop.
       Final resting place for
          you, killed by a spotted jelly.
    Level 6:
       Many fountains.
    Level 7:
 The Gnomish Mines: levels 3 to 7
    Level 3:
       A grave.
       Final resting place for
          2459783kj-Sam-Hum-Mal-Law, poisoned by a rotted gnome lord corpse.
    Level 4:
    Level 5:
    Level 6:
       Many shops, a temple and an altar, some fountains, a sink.
    Level 7:
       Final resting place for
          gobante2-Wiz-Elf-Fem-Cha, killed by a fox, while praying.


Vanquished creatures:
  a ghost
  a large mimic
  a small mimic
  a gnome ruler
  a werewolf
  a lizard
  2 jaguars
 an ape
 an imp
  2 water nymphs
  3 Mordor orcs
  4 rock piercers
  4 gnome leaders
  2 gnomish wizards
 an elf zombie
  a paper golem
  5 dwarves
  a kobold leader
  2 monkeys
  4 orc zombies
  a wererat
  4 iguanas
  2 gas spores
  a hobbit
  8 manes
  a hobgoblin
  2 brown molds
 24 gnomes
  3 geckos
  6 jackals
  a fox
  a goblin
  3 sewer rats
  4 grid bugs
  5 lichens
  a kobold zombie
  5 newts
111 creatures vanquished.

No species were genocided or became extinct.

Game over:
                       ----------
                      /          \
                     /    REST    \
                    /      IN      \
                   /     PEACE      \
                  /                  \
                  |   GdeVolpiano    |
                  |      58 Au       |
                  |   killed by a    |
                  |  spotted jelly   |
                  |                  |
                  |                  |
                  |       2026       |
                 *|     *  *  *      | *
        _________)/\\_//(\/(/\)/\//\/|_)_______

Goodbye GdeVolpiano the Monk...

You died in The Dungeons of Doom on dungeon level 5 with 4441 points,
and 58 pieces of gold, after 3723 moves.
You were level 7 with a maximum of 56 hit points when you died.

